[Event "Titled Tuesday Blitz December 27 Early 2022"]
[White "Stead, Kerry"]
[Black "Buscar, Michael"]
[WhiteFideId "3202577"]
[BlackFideId "2603616"]
[WhiteElo "1908"]
[BlackElo "2041"]
[Result "0-1"]
[Round "02"]
[TimeControl "180+2"]
[Date "2022.12.27"]
[WhiteClock "0:01:09"]
[BlackClock "0:01:53"]

1. d4 d5 2. c4 e6 3. Nc3 a6 4. g3 Nf6 5. Bg2 Be7 6. b3 O-O 7. Bb2 c6 8. e3 Nbd7 9. Nge2 b5 10. c5 e5 11. b4 e4 12. h4 a5 13. a3 Ne8 14. Nf4 Nc7 15. Nce2 Ne6 16. Bc3 axb4 17. axb4 Bb7 18. O-O Qc7 19. Bh3 Rxa1 20. Bxa1 Nxf4 21. Nxf4 Ra8 22. Nh5 Nf8 23. Qg4 g6 24. Qf4 Qd8 25. Qe5 gxh5 26. Qxh5 Bc8 27. Bc3 Bxh3 0-1


[Site "https://www.chess.com"]

[Event "Titled Tuesday Blitz December 27 Early 2022"]
[White "Steinberg, Nitzan"]
[Black "Pinheiro, Iung Alicio de O."]
[WhiteFideId "2801795"]
[BlackFideId "2104350"]
[WhiteElo "2546"]
[BlackElo "2306"]
[Result "1/2-1/2"]
[Round "02"]
[TimeControl "180+2"]
[Date "2022.12.27"]
[WhiteClock "0:00:08"]
[BlackClock "0:00:13"]

1. d4 Nf6 2. Nf3 g6 3. g3 Bg7 4. Bg2 O-O 5. O-O d6 6. Nc3 d5 7. a4 a5 8. Bf4 c6 9. Qc1 Bf5 10. Re1 Na6 11. Nh4 Bg4 12. Bh6 Nb4 13. Bxg7 Kxg7 14. Nd1 Qd7 15. c3 Na6 16. Nf3 Bxf3 17. exf3 c5 18. Qd2 Rac8 19. Ne3 Rfd8 20. h4 cxd4 21. Qxd4 Nc5 22. Ra3 Ne6 23. Qb6 Qc7 24. Qxc7 Rxc7 25. Nc2 d4 26. Nxd4 Nxd4 27. cxd4 Rxd4 28. f4 Rb4 29. Rc3 Rd7 30. b3 e6 31. Bf3 h5 32. Kg2 Rd6 33. Re5 Rdb6 34. Rxa5 Rxb3 35. Rxb3 Rxb3 36. Ra7 b6 37. Rb7 Rb4 38. Bc6 Kf8 39. Bb5 Nd5 40. Kf3 Rb3+ 41. Kg2 Rb4 42. Bc6 Nc3 43. Kf3 Rb3 44. Kg2 Rb4 45. Kf3 Nxa4 46. Bxa4 Rxa4 47. Rxb6 Kg7 48. Kg2 Ra3 49. Rb2 Rc3 50. Re2 Ra3 51. Re3 Ra4 52. Kf3 Kf6 53. Re4 Ra3+ 54. Re3 Ra2 55. Re2 Ra5 56. Re3 Kf5 57. Rb3 f6 58. Re3 Ra4 59. Rd3 Ra5 60. Rc3 Rd5 61. Re3 Rc5 62. Rd3 Ra5 63. Rc3 Rd5 64. Rb3 e5 65. fxe5 Rxe5 66. Rd3 g5 67. Rd8 gxh4 68. gxh4 Re4 69. Rd5+ Re5 70. Rd4 Ra5 71. Rf4+ Kg6 72. Re4 Ra3+ 73. Kg2 Ra2 74. Rf4 Ra5 75. Re4 Rf5 76. Kg3 Ra5 77. Rf4 Ra3+ 78. f3 Ra2 79. Rd4 Ra1 80. Rd8 Rg1+ 81. Kf4 Ra1 82. Rg8+ Kf7 83. Rh8 Ra4+ 84. Kg3 Kg6 85. Rg8+ Kf5 86. Rh8 Kg6 87. Rg8+ Kf5 88. Rh8 Kg6 1/2-1/2


[Site "https://www.chess.com"]

[Event "Titled Tuesday Blitz December 27 Early 2022"]
[White "Stork, Oliver"]
[Black "Dias, Joao Batista"]
[WhiteFideId "12955728"]
[BlackFideId "2108240"]
[WhiteElo "2342"]
[BlackElo "1796"]
[Result "1-0"]
[Round "02"]
[TimeControl "180+2"]
[Date "2022.12.27"]
[WhiteClock "0:00:50"]
[BlackClock "0:01:26"]

1. d4 d5 2. Nf3 Nf6 3. e3 e6 4. b3 Bd6 5. Bb2 O-O 6. Bd3 Nbd7 7. O-O Re8 8. c4 c6 9. Qc2 Nf8 10. Nbd2 Ng6 11. Rfe1 Qc7 12. g3 e5 13. dxe5 Nxe5 14. cxd5 Nxd3 15. Qxd3 Nxd5 16. e4 Nb4 17. Qc3 f6 18. Nc4 Bf8 19. a3 Na6 20. b4 Be6 21. Nd4 Bf7 22. Nf5 Rad8 23. h4 Nb8 24. h5 h6 25. Nxh6+ gxh6 26. Qxf6 Bxc4 27. Qh8+ Kf7 28. Qh7+ Ke6 29. Qxc7 Rd7 30. Qe5+ Kf7 31. Qf6+ Kg8 32. Qh8+ Kf7 33. Qh7+ Ke6 34. Qg6+ Ke7 35. Qf6# 1-0


[Site "https://www.chess.com"]

[Event "Titled Tuesday Blitz December 27 Early 2022"]
[White "Strahov, Andrej"]
[Black "Fajdetic, Hrvoje"]
[WhiteFideId "4165489"]
[BlackFideId "14501945"]
[WhiteElo "2398"]
[BlackElo "2151"]
[Result "0-1"]
[Round "02"]
[TimeControl "180+2"]
[Date "2022.12.27"]
[WhiteClock "0:01:13"]
[BlackClock "0:00:47"]

1. e4 e6 2. d4 d5 3. Nc3 dxe4 4. Nxe4 Nd7 5. g3 Ngf6 6. Nxf6+ Nxf6 7. Bg2 Bd6 8. Nf3 O-O 9. O-O Rb8 10. c4 b6 11. Ne5 Bxe5 12. dxe5 Qxd1 13. Rxd1 Ng4 14. Bf4 Ba6 15. h3 Nh6 16. Bxh6 gxh6 17. Rd7 Bxc4 18. Rc1 Bxa2 19. Rcxc7 a5 20. Bb7 b5 21. f4 a4 22. Bc6 Bc4 23. Rb7 Rxb7 24. Rxb7 Rd8 25. Bxb5 Rd1+ 26. Kf2 Rd2+ 0-1


[Site "https://www.chess.com"]

[Event "Titled Tuesday Blitz December 27 Early 2022"]
[White "Svane, Frederik"]
[Black "Fernandez Garcia, Gumersindo"]
[WhiteFideId "12923044"]
[BlackFideId "24516740"]
[WhiteElo "2600"]
[BlackElo "2160"]
[Result "1-0"]
[Round "02"]
[TimeControl "180+2"]
[Date "2022.12.27"]
[WhiteClock "0:01:23"]
[BlackClock "0:00:36"]

1. a3 c5 2. b4 e5 3. Bb2 Qc7 4. bxc5 Bxc5 5. Nf3 d6 6. e3 Nc6 7. Bb5 Bd7 8. O-O Nf6 9. d4 exd4 10. exd4 Bb6 11. Re1+ Ne7 12. Nc3 a6 13. Bxd7+ Qxd7 14. Qe2 Bd8 15. Ne4 Nxe4 16. Qxe4 O-O 17. d5 Ng6 18. h4 Ba5 19. Qd4 f6 20. Re6 Rfe8 21. h5 Nf8 22. Rxf6 gxf6 23. Qxf6 Re5 24. Nxe5 dxe5 25. Bxe5 Re8 26. Qh8+ 1-0


[Site "https://www.chess.com"]

[Event "Titled Tuesday Blitz December 27 Early 2022"]
[White "Svane, Rasmus"]
[Black "Berezin, Viktor"]
[WhiteFideId "4657101"]
[BlackFideId "14107872"]
[WhiteElo "2623"]
[BlackElo "2307"]
[Result "1-0"]
[Round "02"]
[TimeControl "180+2"]
[Date "2022.12.27"]
[WhiteClock "0:01:42"]
[BlackClock "0:00:11"]

1. Nf3 Nf6 2. g3 g6 3. Bg2 Bg7 4. O-O O-O 5. d4 d6 6. Re1 Nc6 7. d5 Na5 8. e4 e5 9. dxe6 Bxe6 10. Nc3 Nc6 11. Be3 Qd7 12. Qd2 Bh3 13. Rad1 Bxg2 14. Kxg2 Rad8 15. Bg5 Qc8 16. Nd5 Nxd5 17. exd5 f6 18. dxc6 fxg5 19. Qd5+ Kh8 20. cxb7 Qd7 21. Nxg5 Rf5 22. Qe6 Qc6+ 23. Qe4 d5 24. Qe6 Qxe6 25. Nxe6 Rb8 26. Nxg7 Kxg7 27. Re7+ Rf7 28. Rxf7+ Kxf7 29. Rxd5 Rxb7 30. b3 Ke6 31. c4 Rb6 32. Ra5 a6 33. Kf3 Rd6 34. Ke3 Kd7 35. Rd5 Kc6 36. Rxd6+ Kxd6 37. Kd4 c5+ 38. Ke4 Ke6 39. a3 a5 40. f4 h5 41. h3 Kf6 42. g4 hxg4 43. hxg4 Ke6 44. g5 Kd6 45. f5 gxf5+ 46. Kxf5 Ke7 47. a4 1-0


[Site "https://www.chess.com"]

[Event "Titled Tuesday Blitz December 27 Early 2022"]
[White "Taboas Rodriguez, Daniel"]
[Black "Grigoriants, Sergey"]
[WhiteFideId "2208466"]
[BlackFideId "4130804"]
[WhiteElo "2371"]
[BlackElo "2562"]
[Result "0-1"]
[Round "02"]
[TimeControl "180+2"]
[Date "2022.12.27"]
[WhiteClock "0:00:12"]
[BlackClock "0:00:09"]

1. d4 Nf6 2. Nf3 g6 3. c4 Bg7 4. Nc3 d5 5. cxd5 Nxd5 6. e4 Nxc3 7. bxc3 c5 8. Be3 Qa5 9. Qd2 O-O 10. Rc1 Rd8 11. d5 e6 12. Bg5 f6 13. Bf4 Nc6 14. Bd3 exd5 15. exd5 Ne7 16. c4 Qxd2+ 17. Kxd2 g5 18. Bc7 Re8 19. Rce1 Bd7 20. Re2 Ng6 21. Rhe1 Rxe2+ 22. Rxe2 Kf7 23. Bd6 Bf8 24. Bxf8 Rxf8 25. Bxg6+ hxg6 26. h3 b5 27. Kc3 b4+ 28. Kb3 a5 29. a4 Re8 30. Rxe8 Kxe8 31. Ne1 Ke7 32. Nd3 Kd6 33. g4 f5 34. f3 Be8 35. f4 fxg4 36. hxg4 Bd7 37. fxg5 Bxg4 38. Nf4 Bf5 39. Ne2 Bd3 40. Nf4 Be4 41. Ne2 Ke5 42. Ng3 Bf3 43. Kc2 Kf4 44. d6 Bc6 45. Ne2+ Ke5 46. Nc1 Bxa4+ 47. Kb2 Kxd6 48. Nd3 Bd7 49. Nf4 Bf5 50. Kb3 Ke5 51. Ng2 Bd7 52. Ne3 a4+ 53. Kb2 a3+ 54. Kb3 Be6 55. Nc2 Ke4 56. Ne1 Ke3 57. Nc2+ Kd3 58. Ne1+ Ke4 59. Nc2 Kf4 60. Ne1 Bf5 61. Nd3+ Bxd3 62. Ka2 Bxc4+ 63. Kb1 Kxg5 64. Ka1 Kf4 65. Kb1 g5 66. Ka1 g4 67. Kb1 g3 68. Kc2 g2 69. Kd2 g1=Q 70. Kc2 Qf2+ 71. Kb1 b3 72. Kc1 Qc2# 0-1


[Site "https://www.chess.com"]

[Event "Titled Tuesday Blitz December 27 Early 2022"]
[White "Talibov, Shiroghlan"]
[Black "Donskov, Anatoly"]
[WhiteFideId "13429078"]
[BlackFideId "24143413"]
[WhiteElo "2359"]
[BlackElo "2279"]
[Result "0-1"]
[Round "02"]
[TimeControl "180+2"]
[Date "2022.12.27"]
[WhiteClock "0:00:06"]
[BlackClock "0:00:06"]

1. d4 d5 2. Nf3 Nf6 3. Bf4 c5 4. e3 e6 5. Nbd2 Bd6 6. Bxd6 Qxd6 7. dxc5 Qxc5 8. c4 O-O 9. Rc1 b6 10. Bd3 Bb7 11. O-O Nbd7 12. a3 dxc4 13. Rxc4 Qd5 14. Rd4 Qc6 15. Ne4 g6 16. Ne5 Nxe5 17. Nxf6+ Kg7 18. Be4 Qc7 19. Bxb7 Qxb7 20. f4 Nc6 21. Rd7 Qc8 22. Qd6 Kxf6 23. Rc7 Qd8 24. Qxc6 Kg7 25. g4 Rc8 26. Rxc8 Qxc8 27. Qe4 Qc5 28. f5 exf5 29. gxf5 Qd6 30. f6+ Kg8 31. Qh4 h5 32. Qg5 Kh7 33. Rf2 Re8 34. Rf3 Qd1+ 35. Kg2 Qe2+ 36. Kg3 Qxb2 37. Qd5 Qe5+ 38. Qxe5 Rxe5 39. Kf2 Rf5 40. h4 Rxf3+ 41. Kxf3 g5 42. hxg5 Kg6 43. Kf4 b5 44. e4 a5 45. e5 b4 46. axb4 axb4 47. e6 fxe6 48. Ke4 b3 49. Kd3 h4 0-1


[Site "https://www.chess.com"]

[Event "Titled Tuesday Blitz December 27 Early 2022"]
[White "Tan, Zhongyi"]
[Black "Kahlert, Thomas"]
[WhiteFideId "8603642"]
[BlackFideId "4625242"]
[WhiteElo "2517"]
[BlackElo "2144"]
[Result "1-0"]
[Round "02"]
[TimeControl "180+2"]
[Date "2022.12.27"]
[WhiteClock "0:00:03"]
[BlackClock "0:00:02"]

1. d4 Nf6 2. c4 g6 3. Nc3 d5 4. cxd5 Nxd5 5. e4 Nxc3 6. bxc3 Bg7 7. Nf3 c5 8. Be3 Bg4 9. Bb5+ Nd7 10. O-O O-O 11. Rb1 a6 12. Be2 b5 13. h3 Bxf3 14. Bxf3 Rc8 15. Qe2 e5 16. d5 Nb6 17. Rfd1 Qd6 18. h4 h5 19. g3 Nc4 20. Bc1 Qc7 21. a4 Nd6 22. axb5 axb5 23. Bg2 Rfe8 24. Be3 Ra8 25. g4 hxg4 26. Qxg4 Qc8 27. Qg3 Ra3 28. Bc1 Ra2 29. Bf3 Qd8 30. Kg2 Qe7 31. h5 gxh5 32. Rh1 Qf6 33. Rxh5 Kf8 34. Be3 Rc8 35. Rbh1 Qg6 36. Rg5 Nxe4 37. Rxg6 Nxg3 38. Rxg3 f5 39. Rg5 f4 40. Bc1 Re8 41. Rh7 Re7 42. Be4 b4 43. cxb4 cxb4 44. d6 Rd7 45. Rxe5 Rxd6 46. Rb5 f3+ 47. Bxf3 Rg6+ 48. Kh3 Rxf2 49. Bh5 Rg1 50. Rb8+ Ke7 51. Be3 Rh1+ 52. Kg4 Rg2+ 53. Kf3 Rxh5 54. Rb7+ Kf6 55. Rxh5 Rb2 56. Bd4+ Kg6 57. Bxb2 Kxh5 58. Bxg7 1-0


[Site "https://www.chess.com"]

[Event "Titled Tuesday Blitz December 27 Early 2022"]
[White "Tatarinov, Dmitry"]
[Black "McBryde, Lamel"]
[WhiteFideId "24160067"]
[BlackFideId "2058596"]
[WhiteElo "2310"]
[BlackElo "1861"]
[Result "1-0"]
[Round "02"]
[TimeControl "180+2"]
[Date "2022.12.27"]
[WhiteClock "0:00:52"]
[BlackClock "0:00:04"]

1. e4 Nf6 2. e5 Nd5 3. c4 Nb6 4. d4 d6 5. exd6 cxd6 6. Nc3 g6 7. Be3 Bg7 8. Rc1 O-O 9. b3 Bf5 10. d5 e5 11. Nf3 Bg4 12. Be2 Bxf3 13. Bxf3 f5 14. O-O N8d7 15. Be2 f4 16. Bd2 Nf6 17. Bd3 Nbd7 18. Ne4 Nxe4 19. Bxe4 Nc5 20. Qf3 g5 21. b4 g4 22. Qe2 Nxe4 23. Qxe4 Qh4 24. f3 h5 25. Be1 Qg5 26. Kh1 Rf6 27. c5 Bf8 28. c6 b6 29. Bf2 Rc8 30. b5 Rc7 31. a4 g3 32. Bg1 gxh2 33. Bxh2 Rg6 34. Rc2 Be7 35. a5 bxa5 36. Rb2 Bd8 37. Rff2 Rcg7 38. Rfe2 Bb6 39. Ra2 Qh4 40. Qf5 Rxg2 41. Qe6+ Kh8 42. Qc8+ Kh7 43. Qf5+ Kh8 44. Qf8+ Kh7 45. Qf5+ Kh8 46. Rxg2 Qe1+ 47. Bg1 Qxg1+ 48. Rxg1 Rxg1+ 49. Kh2 1-0


[Site "https://www.chess.com"]

[Event "Titled Tuesday Blitz December 27 Early 2022"]
[White "Timofeev, Artyom"]
[Black "Potapova, Margarita"]
[WhiteFideId "4140419"]
[BlackFideId "14126869"]
[WhiteElo "2567"]
[BlackElo "2104"]
[Result "1-0"]
[Round "02"]
[TimeControl "180+2"]
[Date "2022.12.27"]
[WhiteClock "0:01:16"]
[BlackClock "0:00:49"]

1. d4 Nf6 2. Bf4 g6 3. Nc3 Bg7 4. e4 d5 5. e5 Ne4 6. Bd3 Nxc3 7. bxc3 c5 8. Qd2 h6 9. dxc5 Nc6 10. Bb5 g5 11. Bg3 O-O 12. Nf3 g4 13. Bxc6 bxc6 14. Nd4 Qc7 15. O-O e6 16. Rae1 Ba6 17. f4 Bxf1 18. Rxf1 Rab8 19. f5 Bxe5 20. Qxh6 exf5 21. Qg5+ Kh8 22. Rxf5 Rb1+ 23. Kf2 Bxg3+ 24. hxg3 f6 25. Qh6+ Kg8 26. Qxf8+ Kxf8 27. Ne6+ Ke7 28. Nxc7 a5 29. Rf4 Rb7 30. Na6 Ra7 31. Nb8 1-0


[Site "https://www.chess.com"]

[Event "Titled Tuesday Blitz December 27 Early 2022"]
[White "Toncheva, Nadya"]
[Black "Sailer, Mike"]
[WhiteFideId "2924056"]
[BlackFideId "2012901"]
[WhiteElo "2295"]
[BlackElo "2109"]
[Result "1/2-1/2"]
[Round "02"]
[TimeControl "180+2"]
[Date "2022.12.27"]
[WhiteClock "0:00:10"]
[BlackClock "0:00:10"]

1. e4 d5 2. exd5 Qxd5 3. Nc3 Qd6 4. d4 Nf6 5. Bc4 c6 6. Nge2 Bf5 7. Ng3 Bg6 8. O-O e6 9. Re1 Be7 10. a4 a5 11. b3 O-O 12. Ba3 Qd8 13. Bxe7 Qxe7 14. f4 Qb4 15. Qd2 Nbd7 16. Rad1 Nb6 17. Bf1 Nbd5 18. Nxd5 cxd5 19. Qxb4 axb4 20. f5 exf5 21. Re7 f4 22. Ne2 Bxc2 23. Rc1 Bxb3 24. Rb1 Bxa4 25. Rxb4 Bc6 26. Nxf4 Rfe8 27. Rxe8+ Rxe8 28. Nd3 Kf8 29. Ne5 Ra8 30. Bd3 Ne4 31. h3 Ra1+ 32. Kh2 Rc1 33. Rb2 f6 34. Nf3 Ke7 35. Re2 Kd6 36. Ra2 g5 37. Ra8 h5 38. Rd8+ Ke7 39. Rh8 g4 40. Rh7+ Ke6 41. hxg4 hxg4 42. Bxe4 dxe4 43. d5+ Bxd5 44. Nd4+ Ke5 45. Ne2 Rc2 46. Ng3 f5 47. Re7+ Be6 48. Rxb7 f4 49. Rb5+ Kf6 50. Nxe4+ Ke7 51. Rg5 g3+ 52. Nxg3 fxg3+ 53. Rxg3 Rc5 54. Rg7+ Kf6 55. Rg3 Rh5+ 56. Kg1 Rg5 57. Rxg5 Kxg5 58. g4 Bxg4 1/2-1/2


[Site "https://www.chess.com"]

[Event "Titled Tuesday Blitz December 27 Early 2022"]
[White "Toropov, Pavel"]
[Black "Van Foreest, Jorden"]
[WhiteFideId "24129178"]
[BlackFideId "1039784"]
[WhiteElo "2336"]
[BlackElo "2689"]
[Result "0-1"]
[Round "02"]
[TimeControl "180+2"]
[Date "2022.12.27"]
[WhiteClock "0:00:12"]
[BlackClock "0:00:06"]

1. e4 d5 2. exd5 Nf6 3. d4 Bg4 4. f3 Bf5 5. c4 e6 6. dxe6 Nc6 7. Ne2 Nb4 8. Ng3 Nc2+ 9. Kf2 Bg6 10. Be3 Nxa1 11. exf7+ Kxf7 12. Bd3 Bd6 13. Nc3 Re8 14. Bxg6+ hxg6 15. Qd3 Nc2 16. Qxc2 c5 17. Nge4 cxd4 18. Bxd4 Bg3+ 19. Kxg3 Nh5+ 20. Kh3 Rh8 21. g4 Nf6+ 22. Kg2 Qxd4 23. Ng5+ Kg8 24. Qxg6 Qd2+ 25. Kg3 Rf8 26. h4 Rh6 27. Qb1 Nxg4 28. Qe1 Qf4+ 29. Kg2 Ne3+ 30. Kf2 Rxh4 31. Nce4 Ng4+ 32. Ke2 Rh2+ 33. Rxh2 Qxh2+ 34. Kd1 Qxb2 35. Nf6+ Qxf6 36. Qe6+ Qxe6 37. Nxe6 Rxf3 38. Nd4 Rd3+ 39. Kc2 Rxd4 40. Kc3 Rd7 41. Kc2 Rc7 42. Kc3 Nf6 43. Kb4 Kf7 44. c5 g5 0-1


[Site "https://www.chess.com"]

[Event "Titled Tuesday Blitz December 27 Early 2022"]
[White "Torres Dominguez, David"]
[Black "Heinemann, Josefine"]
[WhiteFideId "2220857"]
[BlackFideId "12900460"]
[WhiteElo "1994"]
[BlackElo "2289"]
[Result "1-0"]
[Round "02"]
[TimeControl "180+2"]
[Date "2022.12.27"]
[WhiteClock "0:00:32"]
[BlackClock "0:00:30"]

1. e4 c6 2. Nf3 d5 3. d3 dxe4 4. dxe4 Qxd1+ 5. Kxd1 Nd7 6. Be3 e5 7. Nfd2 f6 8. Nb3 Bd6 9. N1d2 Nb6 10. a4 Be6 11. f3 Ne7 12. c3 g5 13. h4 g4 14. a5 Nd7 15. Bc4 Kf7 16. fxg4 h6 17. g5 hxg5 18. h5 g4 19. Bxe6+ Kxe6 20. Nc4 Bc7 21. Nc5+ Nxc5 22. Bxc5 Rag8 23. Bxa7 Rg5 24. h6 Rg6 25. Be3 f5 26. exf5+ Nxf5 27. Bd2 Nxh6 28. a6 b5 29. Na5 Bxa5 30. Rxa5 Rgg8 31. Rxh6+ Rxh6 32. Bxh6 Kd6 33. a7 Ra8 34. Be3 c5 35. b4 cxb4 36. cxb4 Kc6 37. Ra6+ Kb7 38. Re6 Rd8+ 39. Ke2 1-0


[Site "https://www.chess.com"]

[Event "Titled Tuesday Blitz December 27 Early 2022"]
[White "Troltenier, Dirk"]
[Black "Gabdrakhmanov, Azat"]
[WhiteFideId "4606400"]
[BlackFideId "34189197"]
[WhiteElo "2234"]
[BlackElo "2316"]
[Result "0-1"]
[Round "02"]
[TimeControl "180+2"]
[Date "2022.12.27"]
[WhiteClock "0:00:02"]
[BlackClock "0:01:01"]

1. e4 c5 2. c3 d5 3. exd5 Qxd5 4. d4 e6 5. Nf3 Nf6 6. Bd3 Nc6 7. O-O cxd4 8. cxd4 Be7 9. Nc3 Qd6 10. Be3 O-O 11. Qe2 b6 12. Rad1 Bb7 13. a3 Rad8 14. Rfe1 Ng4 15. Bxh7+ Kxh7 16. Ng5+ Bxg5 17. Qxg4 Be7 18. d5 exd5 19. Nxd5 Qg6 20. Qf3 Bd6 21. Qh3+ Kg8 22. Bf4 Bxf4 23. Nxf4 Qe4 24. Nh5 Rxd1 25. Rxd1 Ne5 26. Qg3 Ng6 27. h4 Qxh4 28. Qxh4 Nxh4 29. Rd7 Bxg2 30. Rxa7 Bf3 31. Nf4 Rd8 32. Kh2 g5 33. Nh3 f6 34. Kg3 Be4 35. Ra6 Rd3+ 36. Kh2 Nf3+ 37. Kg3 Ne5+ 38. Kh2 Ng4+ 0-1


[Site "https://www.chess.com"]

[Event "Titled Tuesday Blitz December 27 Early 2022"]
[White "Turzo, Attila"]
[Black "Boros, Denes"]
[WhiteFideId "704954"]
[BlackFideId "722340"]
[WhiteElo "2279"]
[BlackElo "2406"]
[Result "0-1"]
[Round "02"]
[TimeControl "180+2"]
[Date "2022.12.27"]
[WhiteClock "0:00:41"]
[BlackClock "0:01:14"]

1. d4 g6 2. c4 Bg7 3. e4 d6 4. Nc3 Nc6 5. Be3 a6 6. Nf3 Bg4 7. Be2 Nf6 8. Ng1 Bd7 9. Nf3 O-O 10. h3 e5 11. dxe5 Nxe5 12. Nxe5 dxe5 13. O-O h6 14. c5 Kh7 15. b4 Qc8 16. a4 Ng8 17. Bc4 Nf6 18. Be2 Re8 19. Qc2 Ng8 20. Rfd1 Ne7 21. Nd5 Nxd5 22. exd5 Bf5 23. Rac1 Bxc2 0-1


[Site "https://www.chess.com"]

[Event "Titled Tuesday Blitz December 27 Early 2022"]
[White "Tworuszka, Michal"]
[Black "Hasangatin, Ramil"]
[WhiteFideId "1117858"]
[BlackFideId "4122160"]
[WhiteElo "2260"]
[BlackElo "2457"]
[Result "0-1"]
[Round "02"]
[TimeControl "180+2"]
[Date "2022.12.27"]
[WhiteClock "0:00:05"]
[BlackClock "0:01:41"]

1. e4 d5 2. exd5 Qxd5 3. Nc3 Qd6 4. d4 Nf6 5. Nf3 c6 6. g3 Bg4 7. Bg2 e6 8. O-O Be7 9. h3 Bxf3 10. Bxf3 O-O 11. Ne4 Nxe4 12. Bxe4 Qd8 13. c3 Nd7 14. Qb3 Qb6 15. Bg2 Nf6 16. Re1 Nd5 17. Qc2 Rad8 18. Bd2 Rfe8 19. Rad1 g6 20. Bc1 Bf6 21. a3 Ne7 22. h4 h5 23. b4 Rd7 24. Qe2 Nf5 25. Be4 Ng7 26. Qf3 Be7 27. Be3 Qc7 28. c4 Red8 29. Rb1 Ne8 30. Rec1 Nf6 31. Bc2 Ng4 32. a4 Bf6 33. b5 Bxd4 34. Bxd4 Rxd4 35. bxc6 bxc6 36. Be4 Rd2 37. Rc2 Rxc2 38. Bxc2 Rd2 39. Be4 Rxf2 40. Qxf2 Nxf2 41. Kxf2 Qe5 42. Bf3 Qc5+ 43. Kg2 a5 44. Rb8+ Kg7 45. Rc8 Qxc4 46. Bxc6 e5 47. Kh2 e4 0-1


[Site "https://www.chess.com"]

[Event "Titled Tuesday Blitz December 27 Early 2022"]
[White "Urbina Perez, Juan Antonio"]
[Black "Prieto Aranguren, Alain"]
[WhiteFideId "2217368"]
[BlackFideId "2268906"]
[WhiteElo "2266"]
[BlackElo "2258"]
[Result "1-0"]
[Round "02"]
[TimeControl "180+2"]
[Date "2022.12.27"]
[WhiteClock "0:00:12"]
[BlackClock "0:00:02"]

1. e4 c6 2. d4 d5 3. exd5 cxd5 4. Bd3 Nc6 5. c3 Qc7 6. Ne2 Bg4 7. f3 Bh5 8. O-O e6 9. Qe1 Nf6 10. Qh4 h6 11. Qh3 Bd6 12. Ng3 Bg6 13. Bxg6 fxg6 14. Qxe6+ Ne7 15. Re1 Kf8 16. Na3 a6 17. Bd2 Re8 18. Qh3 Kg8 19. Nc2 Kh7 20. Ne3 Rhf8 21. Ng4 Nxg4 22. Qxg4 g5 23. Re2 Ng6 24. Rae1 Rxe2 25. Rxe2 Nf4 26. Bxf4 Bxf4 27. Nf1 Rf6 28. h4 gxh4 29. Qxh4 Rg6 30. Qe7 Qb6 31. Kf2 Qa5 32. a3 Qb5 33. g3 Bd6 34. Qe8 Qd3 35. Qe3 Qd1 36. Qd2 Qb1 37. Qc2 Qa1 38. g4 Be7 39. Re6 Bh4+ 40. Kg2 Bf6 41. f4 b5 42. g5 b4 43. axb4 a5 44. Ng3 hxg5 45. fxg5 axb4 46. gxf6 bxc3 47. f7 Qxb2 48. Qxb2 cxb2 49. Rxg6 b1=Q 50. f8=Q 1-0


[Site "https://www.chess.com"]

[Event "Titled Tuesday Blitz December 27 Early 2022"]
[White "Usmanov, Vasily"]
[Black "Tymrakiewicz, Rafal"]
[WhiteFideId "4135741"]
[BlackFideId "1108832"]
[WhiteElo "2450"]
[BlackElo "2144"]
[Result "1-0"]
[Round "02"]
[TimeControl "180+2"]
[Date "2022.12.27"]
[WhiteClock "0:00:24"]
[BlackClock "0:00:04"]

1. d4 Nf6 2. c4 d6 3. Nc3 e5 4. Nf3 Nc6 5. dxe5 dxe5 6. Qxd8+ Kxd8 7. Bg5 Be6 8. O-O-O+ Kc8 9. Bxf6 gxf6 10. e3 f5 11. g3 e4 12. Nh4 Ne5 13. Bh3 Nd3+ 14. Rxd3 exd3 15. Bxf5 Be7 16. Bxe6+ fxe6 17. Ng2 e5 18. Rd1 Rd8 19. Nd5 Rd7 20. Rxd3 c6 21. Nxe7+ Rxe7 22. Kd2 e4 23. Rd4 Kc7 24. Nf4 Rd8 25. Kc3 Rxd4 26. Kxd4 Rd7+ 27. Kxe4 Rd2 28. Nd3 Kd6 29. c5+ Ke6 30. g4 Kf6 31. h4 h6 32. f4 Kg6 33. Ne5+ Kg7 34. Nd3 Kf6 35. g5+ hxg5 36. hxg5+ Kg6 37. a4 a5 38. Ne5+ Kg7 39. Nc4 Rd5 40. Nxa5 Rxc5 41. Nxb7 Rc4+ 42. Kf5 Rxa4 43. e4 Rb4 44. Nd8 1-0


[Site "https://www.chess.com"]

[Event "Titled Tuesday Blitz December 27 Early 2022"]
[White "Van Essen, Mark"]
[Black "Martic, Ivan"]
[WhiteFideId "1012819"]
[BlackFideId "929301"]
[WhiteElo "2194"]
[BlackElo "2301"]
[Result "0-1"]
[Round "02"]
[TimeControl "180+2"]
[Date "2022.12.27"]
[WhiteClock "0:00:06"]
[BlackClock "0:00:10"]

1. e4 c5 2. Nf3 Nc6 3. Bb5 d6 4. d4 cxd4 5. Qxd4 Bd7 6. Bxc6 Bxc6 7. Nc3 Nf6 8. Bg5 e6 9. O-O-O Be7 10. Rhe1 O-O 11. e5 dxe5 12. Nxe5 Qxd4 13. Rxd4 Bxg2 14. Nd7 Nxd7 15. Bxe7 Bc6 16. Bxf8 Kxf8 17. Ne4 Ne5 18. Nd2 Ke7 19. f4 Nd7 20. Nc4 h6 21. Ne5 Nxe5 22. Rxe5 f6 23. Re3 g5 24. fxg5 hxg5 25. h4 gxh4 26. Rxh4 e5 27. Rh7+ Ke6 28. Reh3 Rg8 29. c4 Rg1+ 30. Kd2 Rg2+ 31. Kc3 a5 32. Rh2 Rg3+ 33. Kd2 Be4 34. R7h3 Rg7 35. Rh6 Rd7+ 36. Ke3 Bb1 37. a3 Rd3+ 38. Ke2 Rd4 39. R2h4 Rd7 40. Rh3 Bf5 41. Rg3 a4 42. b4 axb3 43. Rxb3 Be4 44. Rb6+ Bc6 45. a4 Kf5 46. a5 Rc7 47. a6 bxa6 48. Rxa6 Kg5 49. Rh8 f5 50. Rg8+ Kf4 51. Rg6 Bf3+ 52. Kd2 Rxc4 53. Rh6 e4 54. Rh4+ Bg4 55. Rg6 Rd4+ 56. Ke1 e3 57. Rhxg4+ fxg4 58. Rf6+ Ke4 59. Rf8 Ra4 60. Rg8 Kf3 61. Rf8+ Rf4 62. Rg8 g3 63. Kf1 e2+ 64. Ke1 g2 65. Rg7 Rf8 66. Rg6 Ke3 67. Rg3+ Rf3 68. Rxg2 Rf1# 0-1


[Site "https://www.chess.com"]

[Event "Titled Tuesday Blitz December 27 Early 2022"]
[White "Vasques, Antonio Pedro Freixial"]
[Black "Sonis, Francesco"]
[WhiteFideId "1908332"]
[BlackFideId "895733"]
[WhiteElo "2214"]
[BlackElo "2554"]
[Result "0-1"]
[Round "02"]
[TimeControl "180+2"]
[Date "2022.12.27"]
[WhiteClock "0:00:07"]
[BlackClock "0:00:45"]

1. e4 Nc6 2. Nf3 d6 3. d4 g6 4. Nc3 Bg7 5. Bc4 Nf6 6. h3 O-O 7. O-O Nxe4 8. Bxf7+ Rxf7 9. Nxe4 e6 10. c3 h6 11. Qd3 Qf8 12. Bd2 e5 13. dxe5 Bxh3 14. Nf6+ Bxf6 15. exf6 Bf5 16. Qd5 Re8 17. Rae1 Kh7 18. Rxe8 Qxe8 19. Re1 Qf8 20. Nd4 Nxd4 21. cxd4 c6 22. Qb3 d5 23. Bb4 Qh8 24. Be7 Qc8 25. Qb4 g5 26. Qd6 Kg6 27. f3 h5 28. Re5 g4 29. fxg4 hxg4 30. Qa3 Be4 31. Qe3 Bf5 32. Qf4 Rh7 33. Bd8 Qd7 34. Re7 Rxe7 35. fxe7 Qe6 36. Kh2 Kf7 37. Kg3 Ke8 38. Kh4 Qf6+ 39. Qg5 Qh8+ 40. Kg3 Qh7 41. Qf6 Qf7 42. Qh8+ Kd7 43. Qe5 Qe6 44. e8=Q+ Kxe8 45. Qxe6+ Bxe6 46. Bf6 Bf5 47. Bg5 Be4 48. a3 Kd7 49. Kxg4 Bxg2 50. Kf4 Be4 51. Ke3 Kc7 52. Kd2 Kb6 53. Kc3 Kb5 54. Be7 a5 55. b4 a4 56. Bf8 Ka6 57. Bc5 Bg2 58. Bd6 Bf1 59. Be7 Bb5 60. Bd6 Ka7 61. Bc5+ Kb8 62. Bd6+ Kc8 63. Bc5 Kd7 64. Bb6 Ke6 65. Bc5 Kf5 66. Bb6 Ke4 67. Bc5 Kf3 68. Bb6 Ke2 69. Bc5 Kd1 70. Kb2 Kd2 71. Bb6 Kd3 72. Bc5 Bc4 73. Bb6 Bb3 74. Bc5 Kc4 75. Bb6 Kb5 76. Bc5 b6 77. Be7 Kc4 78. Bd8 Kxd4 79. Bxb6+ Kd3 80. Bf2 d4 81. Kc1 Bd5 82. Bh4 Bf3 83. Bf6 Ke3 84. Kb2 Bd1 85. Kc1 Bb3 86. Kb2 Kd3 87. Bg7 Kc4 88. Bf6 d3 89. Bc3 Bd1 90. Bf6 d2 91. Bc3 Kd3 92. Bf6 Bb3 93. Bc3 d1=Q 0-1


[Site "https://www.chess.com"]